Map: Ley Lines

Players

HeroMarine - Winner!

  • Race: Terran Terran
  • Spawn Location: 1:00

trigger

  • Race: Protoss Protoss
  • League: Grandmaster
  • Spawn Location: 7:00

VOD

Have the link to the VOD?

Description

Time

  • Played on: Aug. 15, 2025, 8:20 a.m.
  • Length: 10:57
Show
View Real Time Build Order
Export as new Build Order

HeroMarine Terran - Winner!

Build Orders: Banshee Rush 

Get SALT Encoding   

  12  0:00  SCV  
  13  0:12  SCV  
  14  0:17  Supply Depot  
  14  0:24  SCV  
  15  0:38  SCV  
  15  0:40  Barracks  
  16  0:44  Refinery  
  16  0:50  SCV  
  16  0:53  Refinery  
  17  1:03  SCV  
  18  1:15  SCV  
  19  1:27  Orbital Command, Reaper  
  20  1:41  Factory  
  20  1:48  Supply Depot  
  20  1:52  SCV  
  21  1:59  Reaper  
  22  2:04  SCV  
  23  2:15  Command Center  
  23  2:18  SCV  
  24  2:26  Hellion  
  26  2:30  SCV  
  26  2:31  Reaper  
  26  2:36  Supply Depot  
  28  2:42  SCV  
  29  2:47  Hellion  
  31  2:53  Starport  
  31  2:57  SCV  
  32  3:05  Barracks Reactor  
  32  3:09  SCV  
  32  3:10  Factory Tech Lab  
  33  3:17  Barracks  
  33  3:21  SCV  
  34  3:28  Orbital Command  
  34  3:34  SCV  
  34  3:35  Factory Tech Lab  
  34  3:40  Banshee  
  36  3:42  Cloaking Field  
  36  3:46  SCV  
  34  3:49  Marine x2  
  34  3:54  SCV  
  37  3:57  Siege Tank  
  37  3:58  SCV  
  39  4:06  SCV  
  39  4:09  Supply Depot, Marine x3  
  43  4:10  SCV  
  44  4:18  SCV  
  44  4:22  SCV  
  44  4:23  Banshee, Supply Depot  
  49  4:31  Barracks  
  49  4:32  SCV  
  49  4:34  SCV  
  51  4:39  Refinery, Engineering Bay  
  51  4:41  Stimpack  
  51  4:44  SCV  
  52  4:47  Marine x2  
  52  4:50  Marauder  
  56  4:55  SCV, Supply Depot  
  56  4:56  SCV  
  58  5:07  SCV  
  58  5:08  SCV, Terran Infantry Weapons Level 1  
  58  5:11  Marauder, Marine  
  58  5:12  Refinery, Marine  
  64  5:14  Factory Reactor  
  64  5:17  Supply Depot  
  64  5:19  SCV  
  65  5:24  Starport Reactor  
  65  5:28  SCV, Marauder  
  67  5:30  Marine  
  67  5:31  Supply Depot, Marine  
  67  5:32  SCV  
  67  5:33  Marauder  
  73  5:40  SCV  
  74  5:42  Combat Shield  
  74  5:43  Supply Depot  
  74  5:44  SCV  
  74  5:49  Marauder  
  77  5:54  Marauder  
  77  5:56  Widow Mine x2  
  84  5:58  Supply Depot  
  84  6:00  Medivac x2  
  84  6:04  Marine  
  88  6:05  Marine  
  88  6:07  Supply Depot  
  88  6:11  Marauder  
  91  6:16  Marauder  
  93  6:19  Widow Mine  
  93  6:20  Widow Mine, Supply Depot  
  93  6:21  Concussive Shells, Marine  
  93  6:23  Marine  
  99  6:37  Medivac x2  
  99  6:39  SCV  
  104  6:40  Command Center  
  104  6:46  Marauder  
  106  6:47  Marauder  
  106  6:51  Marine x2  
  110  6:57  SCV x2  
  99  7:03  Terran Infantry Armor Level 1  
  99  7:07  Marauder  
  99  7:08  Widow Mine x2, Medivac  
  103  7:09  Marauder  
  101  7:21  Barracks  
  97  7:23  Marine  
  97  7:28  Barracks  
  97  7:29  Marauder, Ghost Academy  
  100  7:30  Marauder  
  100  7:36  Medivac  
  104  7:39  Widow Mine x2  
  104  7:42  Medivac  
  104  7:44  SCV x2  
  102  7:47  Marine  
  102  7:50  Marauder  
  101  7:51  Marauder  
  101  7:56  SCV x2  
  97  8:02  Marine  
  97  8:05  Orbital Command, Marine  
  95  8:08  SCV x2  
  95  8:11  Marauder  
  95  8:12  Widow Mine x2  
  103  8:13  Barracks Tech Lab, Marauder  
  103  8:15  Barracks Reactor  
  105  8:20  SCV  
  105  8:26  Marine x2  
  108  8:28  Medivac x2  
  108  8:31  SCV  
  108  8:33  SCV, Marauder  
  108  8:34  Marine  
  117  8:38  Marine  
  119  8:42  Widow Mine  
  119  8:44  Widow Mine, Marine x2  
  119  8:45  SCV  
  119  8:48  Armory  
  125  8:49  Engineering Bay  
  125  8:51  Ghost  
  125  8:53  Ghost  
  125  8:54  SCV x2  
  133  8:56  Marine  
  133  8:57  SCV  
  133  9:00  Marine x2  
  137  9:03  Marine x2  
  137  9:06  SCV x2  
  137  9:07  Supply Depot x2  
  137  9:08  Supply Depot  
  137  9:09  SCV  
  140  9:14  Bunker  
  140  9:15  Refinery x2  
  138  9:18  SCV  
  139  9:26  Missile Turret  
  139  9:28  Ghost x2  
  144  9:34  Marauder  
  144  9:35  Marine x2  
  144  9:37  Widow Mine x2, Medivac  
  135  9:39  Marine x2  
  134  9:53  Marine x2  
  134  9:54  Medivac, Command Center  
  134  9:56  Marauder, Marine  
  134  9:57  Marauder, Marine x2  
  142  10:02  Barracks  
  142  10:05  Barracks  
  142  10:07  Barracks  
  142  10:11  Marine  
  143  10:16  Marauder  
  143  10:17  Viking, Missile Turret x2  
  143  10:18  Marine x3  
  143  10:20  Marine  
  143  10:21  Marine  
  145  10:35  Marine  
  139  10:36  Marine x3  
Show
View Real Time Build Order
Export as new Build Order

trigger Protoss 

Build Orders: 1 Gate Expand, Phoenix Opening, Blink Stalkers, Zealot Archon 

Get SALT Encoding   

  12  0:00  Probe  
  13  0:12  Probe  
  14  0:17  Pylon  
  14  0:24  Probe  
  15  0:32  Probe  
  15  0:37  Gateway  
  15  0:40  Probe  
  16  0:46  Assimilator  
  17  0:51  Probe  
  18  1:03  Probe  
  19  1:15  Probe  
  20  1:21  Nexus  
  20  1:32  Cybernetics Core  
  20  1:33  Probe  
  20  1:38  Assimilator  
  21  1:45  Probe  
  22  1:48  Pylon  
  22  1:56  Stalker  
  22  1:57  Probe  
  23  2:09  Warp Gate, Probe  
  26  2:20  Shield Battery  
  26  2:21  Probe  
  27  2:25  Sentry, Phoenix  
  27  2:29  Probe  
  29  2:33  Probe  
  31  2:37  Probe  
  31  2:42  Twilight Council  
  32  2:45  Probe  
  32  2:47  Probe  
  32  2:50  Stalker  
  34  2:58  Probe  
  37  3:00  Probe  
  38  3:07  Gateway  
  38  3:10  Probe  
  38  3:12  Probe  
  40  3:17  Pylon  
  40  3:20  Probe  
  40  3:22  Probe  
  40  3:25  Blink  
  42  3:28  Probe  
  43  3:35  Probe  
  43  3:41  Probe  
  39  3:45  Probe  
  38  3:53  Probe x2  
  37  4:02  Assimilator, Probe, Stalker x2  
  42  4:05  Probe  
  42  4:06  Assimilator  
  44  4:10  Phoenix, Probe, Robotics Facility  
  45  4:17  Probe  
  45  4:19  Probe  
  47  4:28  Probe  
  47  4:29  Probe  
  49  4:40  Probe  
  49  4:41  Templar Archives, Probe  
  49  4:44  Pylon  
  51  4:47  Gateway  
  51  4:50  Pylon  
  51  4:52  Probe, Observer  
  52  4:53  Probe  
  52  4:58  Phoenix  
  54  5:04  Probe, Stalker x2  
  60  5:08  Psionic Storm  
  60  5:19  Gateway  
  60  5:21  Gateway  
  59  5:22  Gateway, Observer  
  60  5:31  Zealot, High Templar  
  64  5:43  Pylon  
  64  5:45  Nexus  
  64  5:52  High Templar  
  66  5:59  Gateway  
  66  6:03  Shield Battery  
  70  6:06  Pylon, Observer  
  70  6:07  Stalker x2  
  71  6:15  Zealot, High Templar  
  75  6:22  Zealot  
  77  6:29  Zealot  
  77  6:30  Immortal, Zealot  
  85  6:42  Pylon  
  85  6:44  Pylon  
  85  6:48  Pylon  
  85  7:00  Charge, Archon  
  80  7:02  Zealot x7  
  82  7:14  Observer  
  75  7:19  Probe x3  
  74  7:24  High Templar x2  
  74  7:25  Zealot x4  
  84  7:31  Probe x2  
  86  7:43  Probe  
  87  7:48  Observer  
  87  7:50  Zealot x5  
  89  7:52  Probe  
  89  7:58  Warp Prism  
  84  8:04  Stalker x2  
  86  8:07  Probe x2  
  86  8:10  High Templar x4  
  86  8:11  Zealot  
  100  8:15  Archon  
  100  8:21  Pylon, Forge  
  100  8:32  High Templar x2  
  100  8:34  Zealot  
  106  8:37  Pylon  
  106  8:43  Zealot x4  
  106  8:45  Immortal, Protoss Ground Weapons Level 1  
  118  8:55  Zealot  
  120  9:08  Zealot x6  
  130  9:23  High Templar  
  132  9:24  Immortal  
  100  9:39  Archon  
  100  9:42  Zealot x5, High Templar  
  97  9:57  Zealot  
  99  10:04  Immortal, Assimilator  
  99  10:06  Zealot x5  
  113  10:09  Nexus  
  113  10:12  Pylon  
  113  10:17  Robotics Bay  
  113  10:18  Zealot x2  
  101  10:39  Archon  
  101  10:41  Zealot x7  
Tags
 
Add a new tag
Caveats
  • Supply blocks, unpowered buildings, or Contaminate may cause inaccurate times.
  • Supply counts are checked every 10 seconds.